 Dungeon Crawl Stone Soup version 0.29-a0-330-g52719c12eb (webtiles) character file.

Game seed: 14859410653721959996

29 Anon1729 the Ducker (level 3, -9/30 HPs)
             Began as a Merfolk Monk on May 20, 2022.
             Mangled by a gnoll
             ... wielding a +0 flail
              (10 damage)
             ... on level 2 of the Dungeon.
             The game lasted 00:00:48 (1112 turns).

Anon1729 the Ducker (Merfolk Monk)                  Turns: 1112, Time: 00:00:48

Health: -9/30      AC:  2    Str: 11    XL:     3   Next: 16%
Magic:  3/3        EV: 14    Int:  9    God:
Gold:   90         SH:  0    Dex: 18    Spells: 2/2 levels left

rFire   . . .      SeeInvis .   j - +0 long sword
rCold   . . .      Faith    .   (no shield)
rNeg    + . .      Spirit   .   b - +0 robe
rPois   .          Reflect  .   (no helmet)
rElec   .          Harm     .   (no cloak)
rCorr   .          Rampage  .   (no gloves)
Will    .....                   (no boots)
Stlth   ++........              (no amulet)
HPRegen 0.10/turn               f - ring of positive energy
MPRegen 0.08/turn               (no ring)

@: mighty
A: (nimble swimmer 2), mertail
a: no special abilities


You were on level 2 of the Dungeon.
You visited 1 branch of the dungeon, and saw 2 of its levels.

You collected 90 gold pieces.

Inventory:

Hand Weapons
 a - a +0 falchion
 j - a +0 long sword (weapon)
Armour
 b - a +0 robe (worn)
Jewellery
 f - a ring of positive energy (left hand)
Scrolls
 g - a scroll of summoning {unknown}
 h - a scroll of teleportation {unknown}
 i - a scroll of immolation {unknown}
 k - a scroll of holy word {unknown}
Potions
 c - a potion of ambrosia
 d - 2 potions of might
 e - a potion of degeneration {unknown}
 l - 2 potions of curing {unknown}
 m - a potion of haste {unknown}


   Skills:
 + Level 3.6 Fighting
 + Level 4.0 Long Blades
 + Level 4.4 Dodging
 + Level 2.8 Stealth


You had 2 spell levels left.
You didn't know any spells.
Your spell library was empty.

Dungeon Overview and Level Annotations

Branches:
Dungeon (2/15)

Altars:


Innate Abilities, Weirdness & Mutations

((You are very nimble when in or above water. (Stealth+, EV+, Speed+++)))
Your lower body shifts to a powerful aquatic tail in water.


Message History

Found a scroll labelled TOXTUN ISAU.
Found a scroll labelled ZAKUIH QAQU.
The helpless hobgoblin fails to defend itself.
You hit the hobgoblin.
The hobgoblin is severely wounded.
The hobgoblin closely misses you.
You barely miss the hobgoblin.
The hobgoblin is heavily wounded.
The hobgoblin misses you.
You slash the hobgoblin!
You kill the hobgoblin!
No target in view!
No target in view!
A gnoll comes into view. It is wielding a +0 flail.
A gnoll is nearby!
A gnoll is nearby!
You see here a scroll labelled TOXTUN ISAU. 2 gnolls come into view.
The gnoll shouts! x3; You hear an angry hiss. x3
A frilled lizard comes into view.
You closely miss the gnoll. The gnoll closely misses you.
You barely miss the gnoll. The gnoll closely misses you.
You barely miss the gnoll. The gnoll barely misses you.
You barely miss the gnoll. The gnoll hits you with a +0 flail!
You hit the gnoll.
The gnoll is moderately wounded.
The gnoll hits you with a +0 flail!
You closely miss the gnoll.
The gnoll is moderately wounded.
The gnoll barely misses you.
You hit the gnoll.
The gnoll is severely wounded.
The gnoll hits you with a +0 flail!
* * * LOW HITPOINT WARNING * * *
The frilled lizard unfolds its giant frill.
The gnoll closely misses you.
It was a potion of might.
You feel very mighty all of a sudden. The gnoll hits you with a +0 flail!
You die...

.. .. ## ##. #.
.###..# ##. ......#
# .. ......# ###.##.
#####..#....
......g##...........
#.lgg@.?.....#
......###......##
...#..###......#..##
# ..................
.. .#####.###?....
## #..# ..###
....######.####..#
#....<..†......!
....######.####....


You could see 3 gnolls and a frilled lizard.

Vanquished Creatures
  An adder (D:2)
  4 endoplasms (D:1)
  A giant cockroach (D:1)
  A goblin (D:1)
  3 hobgoblins
  A ball python (D:1)
  A bat (D:1)
  2 frilled lizards (D:1)
  5 kobolds (D:1)
19 creatures vanquished.

Notes
Turn   | Place    | Note
-------+----------+-------------------------------------------
     0 | D:1      | Anon1729 the Merfolk Monk began the quest for the Orb.
     0 | D:1      | Reached XP level 1. HP: 18/18 MP: 1/1
   248 | D:1      | Reached XP level 2. HP: 21/24 MP: 2/2
   951 | D:2      | Reached XP level 3. HP: 21/30 MP: 3/3
  1111 | D:2      | HP: 1/30 [gnoll/+0 flail (9)]
  1112 | D:2      | Mangled by a gnoll

Illustrated notes

Levels and vault maps discovered:
D:1:      co_arrival_square_in_a_square_in_a_square, layout_basic
D:2:      layout_rooms, nicolae_shop_unique_rings

Skill      XL: |  1  2 |
---------------+-------+-----
Long Blades    | 4 |  4.0
Fighting       | |  3.6
Dodging        | |  4.4
Stealth        | |  2.8

Action                   || total
-------------------------++-------
Melee: Long sword        ||    56
  Use: Potion            ||     1
 Stab: Sleeping          ||     7
Armor: Robe              ||     5
Dodge: Dodged            ||    32

Table legend: (Time is in decaauts)
 A = Elapsed time spent in this place.
 B = Non-inter-level travel time spent in this place.
 C = Inter-level travel time spent in this place.
 D = Time resting spent in this place.
 E = Time spent auto-exploring this place.
 F = Levels seen in this place.
 G = Mean time per level.
                   A        B        C        D        E       F      G
               +--------+--------+--------+--------+--------+-----+--------+
         Total |   1122 |   1095 |     27 |      0 |    943 |   2 |  561.0 |
       Dungeon |   1122 |   1095 |     27 |      0 |    943 |   2 |  561.0 |
               +--------+--------+--------+--------+--------+-----+--------+

Top non-repeatable levels by time:
     D:1: 946 daAuts
     D:2: 176 daAuts
